 Dungeon Crawl Stone Soup version 0.27-a0-906-g0a00ce863d (webtiles) character file.

Game seed: 2473131766192701928

1333 Lanoc the Ducker (level 8, -1/120 HPs)
             Began as a Troll Wanderer on Apr 7, 2021.
             Was a Follower of Nemelex Xobeh.
             Slain by Duvessa
             ... wielding a +0 short sword
              (2 damage)
             ... on level 6 of the Dungeon.
             The game lasted 00:07:40 (3877 turns).

Lanoc the Ducker (Troll Wanderer)                   Turns: 3877, Time: 00:07:41

Health: -1/120     AC: 24    Str: 29    XL:     8   Next: 34%
Magic:  10/10      EV:  1    Int:  8    God:    Nemelex Xobeh [*.....]
Gold:   225        SH:  0    Dex:  9    Spells: 9/9 levels left

rFire    . . .     SeeInvis .   (no weapon)
rCold    . . .     Faith    .   (no shield)
rNeg     + + +     Spirit   .   (armour currently unavailable)
rPois    +         Reflect  .   (helmet currently unavailable)
rElec    .         Harm     .   (cloak currently unavailable)
rCorr    .         Rampage  .   (gloves unavailable)
Will     .....     NoTele   +   (boots unavailable)
Stlth    +.........             (no amulet)
HPRegen  1.30/turn              d - +4 ring of evasion
MPRegen  0.12/turn              n - +6 ring of strength

@: confused, brilliant, tree-form, hasted, very quick
A: stationary, stasis, torment immunity, boosted hp, large, unfitting armour,
(claws 3), regeneration 1, (shaggy fur 1), (tough skin 1)
a: Renounce Religion, Draw Escape, Draw Destruction, Draw Summoning


You were on level 6 of the Dungeon.
You worshipped Nemelex Xobeh.
Nemelex Xobeh was aware of your devotion.
You were a tree.
You visited 2 branches of the dungeon, and saw 7 of its levels.

You collected 225 gold pieces.

Inventory:

Missiles
 p - 3 atropa-tipped darts (quivered)
Armour
 a - a +0 cloak (melded)
 b - a +2 robe (melded)
 m - a +2 hat (melded)
Jewellery
 d - a +4 ring of evasion (left branch)
 l - a ring of resist corrosion
 n - a +6 ring of strength (right branch)
 s - a ring of willpower
Wands
 o - a wand of acid (9)
 t - a wand of random effects (20)
Scrolls
 c - 2 scrolls of blinking {unknown}
 e - a scroll of fear {unknown}
 g - 7 scrolls of identify {unknown}
 h - 3 scrolls of enchant armour {unknown}
 i - 3 scrolls of acquirement {unknown}
 k - a scroll of enchant weapon {unknown}
 q - a scroll of silence {unknown}
 v - a scroll of amnesia {unknown}
Potions
 f - a potion of haste
 j - a potion of attraction


   Skills:
 + Level 5.2 Fighting
 - Level 1.5 Axes
 + Level 5.3 Dodging
 - Level 1.5 Shields
 - Level 1.2 Spellcasting
 - Level 1.0 Necromancy
 * Level 4.5 Invocations


You had 9 spell levels left.
You didn't know any spells.
Your spell library contained the following spells:

 Spells                   Type           Power      Damage    Failure   Level
 Sandblast                Erth           0%         2d4       36%         1
 Passwall                 Tmut/Erth      0%         N/A       52%         2
 Confusing Touch          Hex            0%         N/A       75%         3
 Gell's Gravitas          Tloc           0%         N/A       75%         3
 Stone Arrow              Conj/Erth      0%         3d7       75%         3
 Petrify                  Tmut/Erth      0%         N/A       98%         4
 Lee's Rapid Deconstruct  Erth           0%         3d5*      100%        5
 Metabolic Englaciation   Hex/Ice        0%         N/A       100%        5
 Yara's Violent Unravell  Hex/Tmut       0%         3d3       100%        5


Dungeon Overview and Level Annotations

Branches:
Dungeon (6/15)             Temple (1/1) D:5

Altars:
Ashenzari
Cheibriados
Dithmenos
Kikubaaqudgha
Makhleb
Nemelex Xobeh
Yredelemnul

Shops:
D:1 !

Annotations:
D:5 3 runed translucent doors, PeterLawrence's ghost, novice MiFi
D:6 Dowan; Duvessa


Innate Abilities, Weirdness & Mutations

You are a tree.
Your roots penetrate the ground, keeping you stationary.
You cannot be teleported.
You are immune to unholy pain and torment.
Your maximum health is greatly increased.
Your equipment is partially melded.
You are too large for most types of armour.
((You have claws for hands.))
Your natural rate of healing is unusually fast.
((You are covered in fur. (AC +1)))
((You have tough skin. (AC +1)))


Message History

You swing at nothing.
Duvessa hits you but does no damage.
There's something in the way.
You swing at nothing.
You hear some strange, mumbled words.
Something tries to affect you, but you resist.
Duvessa hits you but does no damage.
You swing at nothing.
Dowan gestures wildly while chanting.
Dowan blinks!
You swing at nothing.
Duvessa hits you with a +0 short sword.
* * * LOW HITPOINT WARNING * * *
There's something in the way.
There's something in the way.
You swing at nothing.
Dowan points at you and mumbles some strange words.
The puff of flame hits you but does no damage.
You swing at nothing.
Duvessa hits you but does no damage.
You swing at nothing.
Dowan mumbles some strange words.
Dowan blinks!
The orc hits you but does no damage.
You hear some strange, mumbled words.
A magic dart appears from out of thin air!
The magic dart hits you.
* * * LOW HITPOINT WARNING * * *
Duvessa hits you but does no damage.
You smack Duvessa!
Duvessa is heavily wounded.
The orc hits you with a +0 club.
* * * LOW HITPOINT WARNING * * *
You hear some strange, mumbled words.
A magic dart appears from out of thin air!
The magic dart hits you!
* * * LOW HITPOINT WARNING * * *
You are too confused!
There's something in the way.
You completely miss Duvessa.
Duvessa is heavily wounded.
Duvessa hits you with a +0 short sword.
You die...
Your body glows slightly and disappears.

.....#...........
..#.##...........)......
....##.......... .......
......(........ .......
...(.#......... .......
.##..#........###..(....
........###...##o.......
......####....##eo......
......####......♣{).....
.................).#....
........##........## .
#.......#..........#
#.##.........##.......
#..#.#.#...#.........#
.....#.#......#...#....
.##.#......#.###.###.#.
.......#..##.# .. .#


You could see Duvessa and 2 orcs.

Vanquished Creatures
  Maggie (D:6)
  An orc warrior (D:3)
  A black bear (D:6)
  3 ice beasts
  A necrophage (D:6)
  An ogre (D:5)
  A scorpion (D:5)
  2 vampire bats (D:5)
  A howler monkey (D:5)
  A jelly (D:6)
  2 orc priests (D:5)
  2 hounds (D:4)
  Natasha (thrice) (D:2)
  An orc wizard (D:3)
  A hound zombie (D:5)
  A howler monkey zombie (D:5)
  4 gnolls (D:3)
  3 adders
  A white imp (D:6)
  2 ufetubi (D:4)
  A worm (D:3)
  3 dart slugs
  7 orcs
  4 bats
  3 bat skeletons (D:5)
  2 bat zombies (D:5)
  6 endoplasms
  6 hobgoblins
  3 quokkas
  7 ball pythons
  5 frilled lizards
  3 goblins
  3 kobolds
  4 rats
90 creatures vanquished.

Vanquished Creatures (others)
  2 orc wizards
  An orc (D:6)
3 creatures vanquished.

Grand Total: 93 creatures vanquished

Notes
Turn   | Place    | Note
-------+----------+-------------------------------------------
     0 | D:1      | Lanoc the Troll Wanderer began the quest for the Orb.
     0 | D:1      | Lanoc set off with the following items: a +0 mace, a +2
                  | robe, a +0 hand axe
     0 | D:1      | Reached XP level 1. HP: 19/19 MP: 1/1
   165 | D:1      | Reached XP level 2. HP: 23/27 MP: 2/2
   375 | D:1      | Found Akhuot's Distillery.
   521 | D:1      | Reached XP level 3. HP: 31/35 MP: 3/3
   725 | D:2      | Noticed Natasha
   729 | D:2      | Killed Natasha
  1023 | D:2      | Noticed Natasha
  1032 | D:2      | Killed Natasha
  1033 | D:2      | Reached XP level 4. HP: 39/44 MP: 4/4
  1062 | D:2      | Noticed Natasha
  1083 | D:2      | Killed Natasha
  1567 | D:3      | Noticed an ice beast
  1582 | D:3      | Reached XP level 5. HP: 43/52 MP: 5/5
  1618 | D:3      | Killed an ice beast
  1721 | D:3      | Noticed an orc warrior
  1747 | D:3      | Killed an orc warrior
  1748 | D:3      | Reached XP level 6. HP: 22/62 MP: 6/6
  2337 | D:4      | Found a sparkling altar of Nemelex Xobeh.
  2338 | D:4      | Found a burning altar of Makhleb.
  2339 | D:4      | Found a shadowy altar of Dithmenos.
  2345 | D:4      | Found a broken altar of Ashenzari.
  2363 | D:4      | Found a basalt altar of Yredelemnul.
  2589 | D:4      | Became a worshipper of Nemelex Xobeh the Trickster
  2945 | D:5      | Entered Level 5 of the Dungeon
  2970 | D:5      | Reached skill level 1 in Invocations
  2970 | D:5      | Reached XP level 7. HP: 70/70 MP: 7/7
  2996 | D:5      | Found a snail-covered altar of Cheibriados.
  3159 | D:5      | Found a runed translucent gate.
  3162 | D:5      | Found a runed translucent gate.
  3163 | D:5      | Found a runed translucent gate.
  3164 | D:5      | Noticed PeterLawrence's ghost (novice MiFi)
  3400 | D:5      | Found a staircase to the Ecumenical Temple.
  3414 | Temple   | Entered the Ecumenical Temple
  3485 | D:5      | Found an ancient bone altar of Kikubaaqudgha.
  3495 | D:5      | Reached skill level 5 in Dodging
  3667 | D:6      | Reached * piety under Nemelex Xobeh
  3701 | D:6      | Reached XP level 8. HP: 78/79 MP: 9/9
  3782 | D:6      | Reached skill level 5 in Fighting
  3851 | D:6      | Noticed Maggie
  3856 | D:6      | Noticed Duvessa
  3867 | D:6      | Noticed Dowan
  3868 | D:6      | Killed Maggie
  3876 | D:6      | HP: 1/120 [something/magic dart (9)]
  3877 | D:6      | Slain by Duvessa

Illustrated notes

Levels and vault maps discovered:
D:1:      lightli_arrival_farm, layout_basic, serial_shops, shop
D:2:      layout_basic, uniq_natasha
D:3:      layout_loops_corners
D:4:      layout_loops_ring, chequers_temple_overflow_statue_of_worship,
          grunt_temple_overflow_open, chequers_mini_garden
D:5:      layout_basic, cheibriados_altar_1, kennysheep_vampire_church,
          temple_statues, gammafunk_ghost_split
D:6:      layout_cave_pools, uniq_duvessa, uniq_maggie
Temple:   nicolae_temple_figure_eight

Skill      XL: |  1  2  3  4  5  6  7  8 |
---------------+-------------------------+-----
Dodging        | 2 3 4 5 |  5.3
Fighting       | 2 3 4 5 |  5.2
Invocations    | 1 3 4 |  4.5
Axes           | |  1.5
Shields        | |  1.5
Spellcasting   | |  1.2
Necromancy     | |  1.0

Action                   |  1- 3 |  4- 6 |  7- 9 || total
-------------------------+-------+-------+-------++-------
Melee: Unarmed           |   119 |   212 |   143 ||   474
Throw: Dart              |       |       |     5 ||     5
Evoke: Wand              |       |       |     3 ||     3
  Use: Potion            |       |     4 |     3 ||     7
Armor: Robe              |    41 |    59 |    74 ||   174
       Skin              |       |       |    12 ||    12
Dodge: Dodged            |    78 |   159 |   142 ||   379

Table legend: (Time is in decaauts)
 A = Elapsed time spent in this place.
 B = Non-inter-level travel time spent in this place.
 C = Inter-level travel time spent in this place.
 D = Time resting spent in this place.
 E = Time spent auto-exploring this place.
 F = Levels seen in this place.
 G = Mean time per level.
                   A        B        C        D        E       F      G
               +--------+--------+--------+--------+--------+-----+--------+
         Total |   3904 |   3778 |    126 |      0 |   2950 |   7 |  557.7 |
       Dungeon |   3902 |   3776 |    126 |      0 |   2950 |   6 |  650.3 |
        Temple |      1 |      1 |      0 |      0 |      0 |   1 |    1.0 |
               +--------+--------+--------+--------+--------+-----+--------+

Top non-repeatable levels by time:
     D:3: 1024 daAuts
     D:1: 754 daAuts
     D:5: 665 daAuts
     D:4: 631 daAuts
     D:2: 567 daAuts
     D:6: 258 daAuts
  Temple: 1 daAuts
